Nobbs, chaotic male elven Wizard ## ---------- #-------------.......-....- |........|#########..-..|..| .-....-..|...... | |.........#########.....|..| ......h.....@. .......| |.....<..| # # |.-.@.|.............n............ -- ------- .............q.....b...(......... |.-|.-..-+.........-- -- --- ................h.{.....| |.|..|.....eb.a....| ...| ...-..|.-..i... ......_.| -...o.....i.o.{...../...| |.--.n-..iB------ - - |.-.ZZ.f...| . ..Z..@.|...| ...Yq:qn.o.| l..Gr.foq..------ ..- | -. ....o..Z...ii...................| .---.--B-F.------- - - Nobbs the Conjurer Experience level: 5 Strength: 13 Dexterity: 15 Constitution: 16 Intelligence: 17 Wisdom: 9 Charisma: 7 Health: 0(42) Energy: 2(51) Def: 1 Gold: 110 Moves: 902 Dungeon seed: ESFOGbXv5wQCwKWh Game ID: Nobbs_1510436377 Your Inventory: Coins $ - 110 gold pieces Wands b - a wand of make invisible (0:8) A - a wand of nothing (0:7) Weapons a - a blessed +1 quarterstaff (weapon in hands) n - 8 +0 darts t - a poisoned +0 dart w - a +0 elven dagger Armor e - an uncursed +0 cloak of magic resistance (being worn) r - a cursed -1 pair of elven boots Comestibles q - an uncursed lichen corpse Scrolls i - 3 uncursed scrolls of identify j - an uncursed scroll of destroy armor s - an uncursed scroll of enchant armor v - a cursed scroll of enchant armor y - an uncursed scroll of teleportation B - 2 blessed scrolls of blank paper C - an uncursed scroll of blank paper D - a cursed scroll of blank paper Spellbooks k - a blessed spellbook of force bolt l - an uncursed spellbook of stone to flesh Potions f - an uncursed potion of healing g - an uncursed potion of monster detection h - a blessed potion of paralysis o - an uncursed potion of speed x - a cursed potion of fruit juice Rings c - an uncursed ring of slow digestion (on left hand) d - an uncursed ring of invisibility Tools m - an uncursed bell u - 4 uncursed tallow candles (0:200) Spells and supernatural/magical abilities: Name Level Category Fail Memory a - force bolt 1 attack 0% 96% S - stone to flesh 3 healing 93% 96% W - pray for help -- divine ? -- Your skills at the end: Fighting Skills Weapon Skills quarterstaff [Basic] Spellcasting Skills attack spells [Basic] enchantment spells [Basic] Final Attributes: You were piously aligned. You were sleep resistant. You were magic-protected. You had infravision. You had slower digestion. You are dead. Vanquished creatures: 2 gnome lords a gnomish wizard a black naga hatchling a paper golem a kitten 4 dwarves a hill orc a wererat a hobbit a manes 11 gnomes 2 foxes 2 kobolds a sewer rat a grid bug 2 bats a lichen 3 newts 37 creatures vanquished. Voluntary challenges: You went without food. You were an atheist. You used a wielded weapon 25 times, starting on turn 196. You read items or engraved 94 times, starting on turn 550. You never genocided any monsters. You never polymorphed an object. You never changed form. You used no wishes. You never split a pudding. You wrote Elbereth's name 90 times, starting on turn 550. You never violated your personal moral code. Dungeon overview: The Dungeons of Doom: levels 1 to 3 Level 1 a long staircase Level 2 a fountain stairs to The Gnomish Mines Level 3 The Gnomish Mines: levels 3 to 6 Level 3 stairs to The Dungeons of Doom Level 4 Level 5 Level 6 <- You were here a temple to Thoth, some fountains History has recorded: On T:1 you entered the Dungeons of Doom to retrieve the Amulet of Yendor! On T:210 you reached level 2 of The Dungeons of Doom. On T:246 you reached level 3 of The Dungeons of Doom. On T:283 you advanced to experience level 2. On T:310 you reached level 1 of The Gnomish Mines. On T:323 you advanced to experience level 3. On T:378 you reached level 2 of The Gnomish Mines. On T:397 you advanced to experience level 4. On T:581 you advanced to experience level 5. On T:779 you reached level 3 of The Gnomish Mines. On T:826 you reached level 4 of The Gnomish Mines. Score breakdown: Gold: 110 ( 6957 points) Experience: 5 levels (11141 points) Exploration: 6 levels ( 12.00%) ( 9583 points) Discoveries: 2 items ( 0.72%) ( 2544 points) Valuables value: (no points given unless you survive) Artifact value: 0 ( 0 points) Variety of kills: 18 monsters ( 4.72%) ( 6520 points) Turncount: 902 turns ( 0 points) Survival: died (score multiplied by 80%) Total score: 29396 Latest messages: The kitten picks up a mummy wrapping. You add to the writing in the dust with your fingers. The rabid rat turns to flee! The hill orc bumps right into you! The hill orc turns to flee! The rothe hits! The rothe bites! (2x) You add to the writing in the dust with your fingers. The air crackles around the gnomish wizard. The rothe hits! The rothe bites! (2x) You take off your ring of invisibility. Your body seems to unfade... The gnomish wizard turns to flee! The rothe turns to flee! The iguana turns to flee! The orc zombie turns to flee! The rothe hits! The rothe bites! (2x) You die... Final status: Goodbye Nobbs the Wizard, killed by a rothe... You died in The Gnomish Mines on dungeon level 6 with 29396 points, and 110 pieces of gold, after 902 moves. You were level 5 with a maximum of 42 hit points when you died.